 Dungeon Crawl Stone Soup version 0.30-a0-475-g03497ec522 (webtiles) character file.

Game seed: 3033521497652804468

9830 Adrian566 the Carver (level 11, -2/81 HPs)
             Began as a Demonspawn Gladiator on Dec 20, 2022.
             Was an Initiate of Gozag.
             Slain by a shadow (22 damage)
             ... on level 11 of the Dungeon.
             The game lasted 00:17:01 (12150 turns).

Adrian566 the Carver (Demonspawn Gladiator)        Turns: 12150, Time: 00:17:02

Health: -2/81      AC: 10    Str: 14    XL:     11   Next: 28%
Magic:  26/26      EV: 15    Int: 14    God:    Gozag
Gold:   1348       SH:  5    Dex: 17    Spells: 10/10 levels left

rFire   + . .      SeeInvis .    K - +1 falchion (drain)
rCold   . . .      Faith    +    r - +0 buckler
rNeg    . . .      Spirit   .    A - +1 leather armour {rF+}
rPois   +          Reflect  .    (helmet restricted)
rElec   .          Harm     .    u - +0 cloak
rCorr   .          Rampage  .    B - +0 pair of gloves
Will    .....                    s - +0 pair of boots
Stlth   ++........               b
                                   - Hermit's Pendant {Faith Invo=14 Evo=0 MP+5}
HPRegen 0.33/turn                t - ring of poison resistance
MPRegen 0.20/turn                (no ring)

@: no status effects
A: antennae 2, icy blue scales 1, ignite blood 2, hooves 1, clever 1, wild magic
1
a: Renounce Religion, Potion Petition, Call Merchant, Bribe Branch


You were on level 11 of the Dungeon.
You worshipped Gozag.
Gozag was most pleased with you.
You visited 2 branches of the dungeon, and saw 12 of its levels.

You collected 1877 gold pieces.
You spent 494 gold pieces at shops.
You paid 35 gold pieces to Gozag.

Inventory:

Hand Weapons
 a - a +0 long sword of venom
 E - a +2 falchion of electrocution
 K - a +1 falchion of draining (weapon)
Missiles
 d - 4 throwing nets (quivered)
 e - 3 javelins
Armour
 r - a +0 buckler (worn)
 s - a +0 pair of boots (worn)
 u - a +0 cloak (worn)
 A - a +1 leather armour of fire resistance (worn)
 B - a +0 pair of gloves (worn)
Jewellery
 b - the Hermit's Pendant (around neck) {Faith Invo=14 Evo=0 MP+5}
   (You found it on level 6 of the Dungeon)

   [amulet of faith]

   It sets your invocations skill to 14 and your evocations skill to 0.
   It allows you to gain divine favour quickly.
   MP:        It affects your magic capacity (+5).
 t - a ring of poison resistance (left hand)
 y - an amulet of guardian spirit
 H - an amulet of magic regeneration
 M - a +6 ring of intelligence
Wands
 l - a wand of flame (18)
 x - a wand of quicksilver (13)
 J - a wand of polymorph (4)
Scrolls
 c - 2 scrolls of enchant weapon {unknown}
 k - 4 scrolls of amnesia
 m - 5 scrolls of teleportation
 v - 3 scrolls of fog
 w - a scroll of magic mapping
 z - a scroll of poison
 D - 2 scrolls of torment
 F - a scroll of identify
 G - a scroll of enchant armour
 I - a scroll of fear
Potions
 f - 6 potions of cancellation
 g - a potion of heal wounds
 h - 3 potions of might
 i - 2 potions of resistance
 j - 2 potions of brilliance {unknown}
 n - 5 potions of curing
 o - 4 potions of degeneration
 p - 2 potions of haste
 q - 2 potions of attraction {unknown}
 C - a potion of flight
 L - a potion of invisibility {unknown}


   Skills:
 + Level 6.1 Fighting
 * Level 12.0 Long Blades
 + Level 1.7 Throwing
 + Level 4.7 Armour
 + Level 6.7 Dodging
 + Level 3.9 Stealth
 + Level 4.5 Shields
 + Level 1.0 Unarmed Combat


You had 10 spell levels left.
You didn't know any spells.
Your spell library contained the following spells:

 Spells                   Type           Power      Damage    Failure   Level
 Beastly Appendage        Tmut           0%         N/A       52%         1
 Kiss of Death            Conj/Necr      0%         2d5       52%         1
 Wereblood                Tmut           0%         N/A       65%         2
 Confusing Touch          Hex            0%         N/A       86%         3
 Gell's Gravitas          Tloc           0%         N/A       86%         3
 Spider Form              Tmut/Pois      0%         N/A       86%         3
 Teleport Other           Tloc           0%         N/A       86%         3
 Dispel Undead            Necr           0%         3d6       99%         4
 Dispersal                Tloc           0%         N/A       100%        6


Dungeon Overview and Level Annotations

Branches:
Dungeon (11/15)            Temple (1/1) D:4            Lair (0/5) D:11
    Orc: D:9-12

Altars:
Ashenzari
Cheibriados
Dithmenos
Fedhas
Gozag
Hepliaklqana
Kikubaaqudgha
Makhleb
Nemelex Xobeh
Okawaru
Qazlal
Ru
Sif Muna
Trog
Uskayaw
Vehumet
Wu Jian
Xom
Yredelemnul

Shops:
D:4 :   D:5 (   D:6 [(*(


Innate Abilities, Weirdness & Mutations

You have a pair of antennae on your head.
You are partially covered in icy blue scales. (AC +2)
Your demonic aura often causes spilled blood to erupt in flames.
You have large cloven feet.
Your mind is acute. (Int +4, Str/Dex -1)
Your spells are a little harder to cast, but a little more powerful.


Message History

The shadow misses you.
You hit the shadow.
The shadow is almost destroyed.
The shadow slips into darkness.
The shadow flickers and vanishes!
Deactivating autopickup; reactivate with Ctrl-A.
You closely miss something. You barely miss something.
The shadow strikes at you from the darkness!
Reactivating autopickup.
You closely miss the shadow.
The shadow is almost destroyed.
The shadow hits you.
You barely miss the shadow.
The shadow is almost destroyed.
The shadow closely misses you.
You closely miss the shadow.
The shadow is almost destroyed.
You hit the shadow but do no damage.
The shadow is almost destroyed.
The shadow completely misses you.
Unknown command.
You hit the shadow but do no damage.
The shadow is almost destroyed.
The shadow hits you.
* * * LOW HITPOINT WARNING * * *
You hit the shadow.
The shadow is almost destroyed.
The shadow hits you!
* * * LOW HITPOINT WARNING * * *
Unknown command.
The shadow slips into darkness.
The shadow flickers and vanishes!
Deactivating autopickup; reactivate with Ctrl-A.
You closely miss something.
The shadow strikes at you from the darkness!
You hit something but do no damage.
The shadow strikes at you from the darkness!
You die...
Your body crumbles into a pile of gold.

#.......#####... #.......#
#... ##..#..#.# #...
#......#.# #...
##.########### #.....##.#
#... #........{{..#
#...####.# #...
#.....#.####.# #........#
##.~.
#.....#.####.####.########
#.... ##.#...........{@.#
{ <...#.. #
####.####.###### { #......
#.# #.# { ##..... ... ..#
#..... ### #### #.##.. ..
#.# #.# #


There were no monsters in sight!

Vanquished Creatures
  2 two-headed ogres
  A boulder beetle (D:11)
  2 unseen horrors
  2 komodo dragons
  A rime drake (D:11)
  A hornet (D:9)
  A shadow (D:11)
  2 wraiths
  3 wyverns
  9 yaks
  3 steam dragons
  A vampire mosquito (D:6)
  2 acid dragons
  A water moccasin (D:7)
  3 orc warriors
  5 black bears
  A sky beast (D:8)
  8 ice beasts
  A wolf (D:11)
  2 ogres (D:5)
  2 centaurs
  A phantom (D:6)
  2 kobold brigands
  3 bullfrogs
  A scorpion (D:5)
  A necrophage (D:4)
  5 killer bees
  3 howler monkeys (D:10)
  2 hounds
  3 jellies
  3 orc priests
  A gnoll bouda (D:5)
  Crazy Yiuf (D:3)
  An iguana (D:6)
  7 orc wizards
  Robin (D:4)
  5 gnolls (D:5)
  7 adders
  A white imp (D:5)
  An ufetubus (D:4)
  A worm (D:2)
  4 dart slugs
  29 orcs
  2 bats (D:3)
  8 endoplasms
  6 giant cockroaches
  17 goblins
  9 hobgoblins
  9 jackals
  13 ball pythons
  4 frilled lizards
  21 kobolds
  5 rats
230 creatures vanquished.

Notes
Turn   | Place    | Note
-------+----------+-------------------------------------------
     0 | D:1      | Adrian566 the Demonspawn Gladiator began the quest for the
                  | Orb.
     0 | D:1      | Reached XP level 1. HP: 16/16 MP: 1/1
   235 | D:1      | Reached skill level 3 in Long Blades
   235 | D:1      | Gained mutation: Your demonic aura sometimes causes spilled
                  | blood to erupt in flames. [demonic ancestry]
   235 | D:1      | Reached XP level 2. HP: 22/22 MP: 2/2
   631 | D:1      | Reached XP level 3. HP: 23/27 MP: 3/3
  1503 | D:2      | Reached skill level 1 in Armour
  1503 | D:2      | Gained mutation: Your demonic aura often causes spilled
                  | blood to erupt in flames. [demonic ancestry]
  1503 | D:2      | Reached XP level 4. HP: 28/33 MP: 4/4
  1950 | D:3      | Reached skill level 4 in Long Blades
  1979 | D:3      | Found an iron altar of Okawaru.
  2252 | D:3      | Found a runed translucent door.
  2253 | D:3      | Noticed Crazy Yiuf
  2685 | D:3      | Killed Crazy Yiuf
  2686 | D:3      | Reached XP level 5. HP: 39/39 MP: 5/5
  2773 | D:4      | Found a staircase to the Ecumenical Temple.
  2798 | Temple   | Entered the Ecumenical Temple
  2945 | Temple   | Became a worshipper of Gozag Ym Sagoz the Greedy
  3029 | D:4      | Found Uczargh's Vocational Training.
  3169 | D:4      | Found a stormy altar of Qazlal.
  3186 | D:4      | Found a broken altar of Ashenzari.
  3214 | D:4      | Reached skill level 5 in Long Blades
  3219 | D:4      | Gained mutation: You have a pair of small antennae on your
                  | head. [demonic ancestry]
  3219 | D:4      | Reached XP level 6. HP: 46/46 MP: 6/6
  3354 | D:4      | Noticed Robin
  3650 | D:4      | Killed Robin
  3739 | D:4      | Reached skill level 1 in Shields
  3836 | D:5      | Entered Level 5 of the Dungeon
  4017 | D:5      | Reached XP level 7. HP: 35/51 MP: 7/7
  4250 | D:5      | Reached skill level 6 in Long Blades
  4416 | D:5      | Found Ifacisas's Weapon Shoppe.
  4441 | D:5      | Reached skill level 1 in Stealth
  4932 | D:5      | Gained mutation: You are partially covered in icy blue
                  | scales. (AC +2) [demonic ancestry]
  4932 | D:5      | Reached XP level 8. HP: 57/58 MP: 8/8
  5239 | D:6      | Found Ibelur's Weapon Shop.
  5248 | D:6      | Found a hazy altar of Hepliaklqana.
  5353 | D:6      | Reached skill level 7 in Long Blades
  5468 | D:6      | Found Ceodgh's Antique Armour Emporium.
  5473 | D:6      | Bought a dyed leather armour for 130 gold pieces
  5473 | D:6      | Bought a pair of gloves for 117 gold pieces
  5587 | D:6      | Found a shimmering altar of Xom.
  5602 | D:6      | Found a faded altar of an unknown god.
  5602 | D:6      | Found the Hermit's Pendant {Faith Invo=14 Evo=0 MP+5}
  6010 | D:6      | Found a snail-covered altar of Cheibriados.
  6079 | D:6      | Found a hide-covered altar of Uskayaw.
  6081 | D:6      | Noticed a +0 short sword
  6082 | D:6      | Noticed a +0 short sword
  6083 | D:6      | Noticed a +0 dagger
  6089 | D:6      | Noticed a +0 dagger
  6090 | D:6      | Noticed a +0 falchion
  6090 | D:6      | Noticed a +0 falchion
  6091 | D:6      | Noticed a +0 spear
  6091 | D:6      | Noticed a +0 spear
  6131 | D:6      | Found a sacrificial altar of Ru.
  6193 | D:6      | Found Ilug's Antique Weapon Boutique.
  6219 | D:6      | Bought a runed falchion for 150 gold pieces
  6245 | D:6      | Found Edixigub's Assorted Antiques.
  6251 | D:6      | Bought a scroll labelled JITUUFR TALEU for 25 gold pieces
  6251 | D:6      | Bought a scroll of identify for 50 gold pieces
  6251 | D:6      | Bought a coppery potion for 22 gold pieces
  6532 | D:6      | Found a burning altar of Makhleb.
  6599 | D:6      | Reached skill level 8 in Long Blades
  6765 | D:7      | Noticed a komodo dragon
  6946 | D:7      | Reached XP level 9. HP: 45/65 MP: 19/19
  7096 | D:7      | Killed a komodo dragon
  7465 | D:7      | Reached skill level 9 in Long Blades
  7733 | D:7      | Gained mutation: You occasionally lose the ability to drink
                  | potions when taking damage. [potion of mutation]
  7733 | D:7      | Gained mutation: You do not regenerate when monsters are
                  | visible. [potion of mutation]
  7734 | D:7      | Lost mutation: You do not regenerate when monsters are
                  | visible. [potion of mutation]
  7734 | D:7      | Lost mutation: You occasionally lose the ability to drink
                  | potions when taking damage. [potion of mutation]
  7734 | D:7      | Gained mutation: Your mind is acute. (Int +4, Str/Dex -1)
                  | [potion of mutation]
  7734 | D:7      | Gained mutation: Your spells are a little harder to cast,
                  | but a little more powerful. [potion of mutation]
  7734 | D:7      | Gained mutation: You have large cloven feet. [potion of
                  | mutation]
  7837 | D:8      | Found a shimmering blue altar of Sif Muna.
  8027 | D:8      | Reached skill level 5 in Dodging
  8973 | D:9      | Noticed a two-headed ogre
  8981 | D:9      | Killed a two-headed ogre
  8982 | D:9      | Reached skill level 10 in Long Blades
  8982 | D:9      | Gained mutation: You have a pair of antennae on your head.
                  | [demonic ancestry]
  8982 | D:9      | Reached XP level 10. HP: 57/73 MP: 20/20
  9087 | D:9      | Reached skill level 5 in Fighting
 10070 | D:10     | Entered Level 10 of the Dungeon
 10322 | D:10     | Noticed a two-headed ogre
 10331 | D:10     | Killed a two-headed ogre
 10332 | D:10     | Reached skill level 11 in Long Blades
 11272 | D:11     | Reached XP level 11. HP: 81/81 MP: 21/21
 11385 | D:11     | Noticed a boulder beetle
 11413 | D:11     | Killed a boulder beetle
 11631 | D:11     | Found a staircase to the Lair.
 11648 | D:11     | Reached skill level 1 in Unarmed Combat
 11972 | D:11     | Reached skill level 12 in Long Blades
 12039 | D:11     | Noticed a boulder beetle
 12150 | D:11     | Slain by a shadow

Illustrated notes

Levels and vault maps discovered:
D:1:      kennysheep_arrival_seaside, layout_basic
D:2:      layout_basic, minivault_4, hangedman_decor_points
D:3:      layout_loops_ring, okawaru_trees_1, uniq_crazy_yiuf_cottage
D:4:      layout_gridville, general_overflow_altar,
          mainiacjoe_overflow_chevrons, minmay_temple_entry_statues_fountains,
          nicolae_shop_vocational, uniq_robin
D:5:      layout_loops_corners, serial_shops, kennysheep_little_box,
          minmay_misc_feat_rugged
D:6:      layout_loops_corners, mainiacjoe_overflow_surrounded_room,
          mainiacjoe_overflow_alcove_1, kennysheep_mini,
          overflow_temple_1_default, mainiacjoe_overflow_paths,
          nicolae_uskayaw_en_pointe, serial_shops, shop,
          nicolae_shop_hallway_stairs, shop, nicolae_shop_hallway_stairs,
          hellmonk_guarded_unrand_hermit
D:7:      layout_loops_cross
D:8:      layout_basic, nicolae_sif_muna_condensation, hangedman_decor_riveting
D:9:      layout_gridville, fungi_pond_lemuel, nicolae_fountain_basement
D:10:     layout_basic, serial_rivers, chequers_serial_rivers_large_b,
          chequers_serial_rivers_micro_e, chequers_serial_rivers_micro_d,
          chequers_serial_rivers_micro_b, chequers_serial_rivers_large_a,
          chequers_serial_rivers_micro_b
D:11:     layout_loops_cross, hellmonk_lair_entry_icy
Temple:   chequers_temple_sunken

Skill      XL: |  1  2  3  4  5  6  7  8  9 10 11 |
---------------+----------------------------------+-----
Long Blades    | 3 4 5 6 8 10 11 12 | 12.0
Dodging        | 3 4 5 6 |  6.7
Armour         | 1 2 3 4 |  4.7
Shields        | 1 2 3 4 |  4.5
Fighting       | 3 4 5 6 |  6.1
Stealth        | 1 2 3 |  3.9
Unarmed Combat | 1 |  1.0
Throwing       | |  1.7

Action                   |  1- 3 |  4- 6 |  7- 9 | 10-12 || total
-------------------------+-------+-------+-------+-------++-------
Melee: Long sword        |   128 |   153 |   167 |       ||   448
       Punch             |     2 |       |       |       ||     2
       Falchion          |       |       |   165 |   325 ||   490
       Unarmed           |       |       |       |     6 ||     6
  Use: Scroll            |     7 |     4 |     7 |       ||    18
       Potion            |       |       |    12 |     1 ||    13
 Stab: Sleeping          |     1 |     4 |     3 |     7 ||    15
       Distracted        |       |       |     3 |       ||     3
Armor: Leather armour    |    48 |    50 |   112 |   100 ||   310
Dodge: Dodged            |    88 |    97 |   189 |   155 ||   529
Block: Buckler           |       |    27 |    96 |    56 ||   179

Table legend: (Time is in decaauts)
 A = Elapsed time spent in this place.
 B = Non-inter-level travel time spent in this place.
 C = Inter-level travel time spent in this place.
 D = Time resting spent in this place.
 E = Time spent auto-exploring this place.
 F = Levels seen in this place.
 G = Mean time per level.
                   A        B        C        D        E       F      G
               +--------+--------+--------+--------+--------+-----+--------+
         Total |  12168 |  11750 |    418 |      3 |   9448 |  12 | 1014.0 |
       Dungeon |  11962 |  11580 |    382 |      3 |   9285 |  11 | 1087.5 |
        Temple |    206 |    170 |     36 |      0 |    162 |   1 |  206.0 |
               +--------+--------+--------+--------+--------+-----+--------+

Top non-repeatable levels by time:
     D:6: 1472 daAuts
     D:5: 1410 daAuts
     D:9: 1336 daAuts
    D:10: 1162 daAuts
     D:1: 1099 daAuts
     D:8: 1065 daAuts
     D:7: 1010 daAuts
     D:4: 909 daAuts
     D:3: 866 daAuts
     D:2: 852 daAuts
    D:11: 776 daAuts
  Temple: 206 daAuts
